 Dungeon Crawl Stone Soup version 0.30-a0-639-g3916f1956a (webtiles) character file.

Game seed: 13071428201463195037

321419 NinjaNoafa the Peltast (level 21, -27/195 HPs)
             Began as a Gnoll Ice Elementalist on Jan 15, 2023.
             Was the Champion of Cheibriados.
             Killed from afar by a hellephant (40 damage)
             ... with a blast of flame
             ... on level 6 of the Abyss on Jan 16, 2023.
             The game lasted 02:55:00 (47145 turns).

NinjaNoafa the Peltast (Gnoll Ice Elementalist)    Turns: 47145, Time: 02:55:01

Health: -27/195    AC: 34    Str: 27      XL:     21   Next: 52%
Magic:  4/28       EV: 31    Int: 32 (37) God:    Cheibriados [******]
Gold:   1156       SH: 22    Dex: 33      Spells: 7/51 levels left

rFire   x . .      SeeInvis .    a - +6 rapier of Xuppyd Tott {drain, +Blink Will+ Dex+4}
rCold   + . .      Faith    .    Q - +4 kite shield {AC+3}
rNeg    + . .      Spirit   .    (body armour currently unavailable)
rPois   ∞          Reflect  .    m - +2 hat of Submission {Str+2}
rElec   +          Harm     .    c - scarf {repulsion}
rCorr   .          Rampage  .    (gloves currently unavailable)
Will    ++...      Archmagi +    (boots currently unavailable)
Stlth   +++++++    Rage     9%   p - amulet of magic regeneration
HPRegen 0.00/turn                I - ring of the Mage {Wiz Archmagi}
MPRegen 0.61/turn                R - ring of Lekkyemn {rElec rF+ Str+6 Dex+2}

@: statue-form, death channelling, inhibited regen, studying Shields, repel
missiles, unable to read, unable to drink, very slow
A: slow and powerful, torment resistance 1, boosted hp, fangs 1, strong nose,
distributed training, horns 1, (iridescent scales 1), cold resistance 1, dopey
1, sense surroundings 1, (shaggy fur 1), weak 2, inability to drink after injury
2, berserk 1[+1], [clumsy 1], [deterioration 2], [frail 1], [low MP 3],
screaming 1[+1], [inhibited regeneration], (teleportitis 1[+1]), [no potion heal
1], [heat vulnerability 2], [subdued magic 1], inability to read after injury
1[+1]
}: 2/15 runes: barnacled, gossamer
a: End Transformation, Renounce Religion, Evoke Blink, Bend Time, Temporal
Distortion, Slouch, Step From Time


You were on level 6 of the Abyss.
You worshipped Cheibriados.
Cheibriados was exalted by your worship.
You were a living statue of rough stone.
You visited 8 branches of the dungeon, and saw 37 of its levels.
You visited the Abyss 1 time.
You also visited: Bailey and Gauntlet.

You collected 4638 gold pieces.
You spent 3482 gold pieces at shops.

Inventory:

Hand Weapons
 a - the +6 rapier of Xuppyd Tott (weapon) {drain, +Blink Will+ Dex+4}
   (You found it on level 2 of the Dungeon)

   Dex:       It affects your dexterity (+4).
   +Blink:    It lets you blink.
   Will:      It increases your willpower.
Missiles
 g - 11 silver javelins
 H - 12 curare-tipped darts
 J - 6 boomerangs of dispersal
 S - 18 javelins
 Y - 7 throwing nets
Armour
 c - a scarf of repulsion (worn)
 m - the +2 hat of Submission (worn) {Str+2}
   (You found it on level 4 of the Spider Nest)

   Str:       It affects your strength (+2).
 A - a +1 troll leather armour (melded) {Snorg}
 G - a +1 pair of boots (melded)
 Q - a +4 kite shield of protection (worn)
Magical Staves
 f - a staff of death
 K - a staff of cold
Jewellery
 l - a ring of resist corrosion
 p - an amulet of magic regeneration (around neck)
 I - the ring of the Mage (left fist) {Wiz Archmagi}
   (You bought it in a shop on level 1 of the Elven Halls)

   [ring of wizardry]

   It improves your spell success rate.
   Archmagi:  It increases the power of your magical spells.
 R - the ring of Lekkyemn (right fist) {rElec rF+ Str+6 Dex+2}
   (You found it in a Gauntlet)

   [ring of strength]

   Str:       It affects your strength (+6).
   Dex:       It affects your dexterity (+2).
   rF:        It protects you from fire.
   rElec:     It insulates you from electricity.
Wands
 r - a wand of iceblast (9)
 w - a wand of polymorph (27)
 B - a wand of charming (47)
 F - a wand of light (16)
 U - a wand of flame (34)
 V - a wand of digging (1)
 W - a wand of mindburst (11)
Scrolls
 i - 9 scrolls of teleportation
 n - 13 scrolls of fog
 s - 5 scrolls of poison
 u - 14 scrolls of vulnerability
 C - 5 scrolls of immolation
 D - 2 scrolls of silence
 L - 2 scrolls of torment
 P - a scroll of summoning
 X - 2 scrolls of fear
Potions
 b - 6 potions of magic
 d - 13 potions of curing
 e - 2 potions of brilliance
 h - 3 potions of ambrosia
 j - 5 potions of might
 k - 4 potions of heal wounds
 o - 4 potions of berserk rage
 q - 5 potions of cancellation
 v - 7 potions of lignification
 z - 7 potions of flight
 M - 2 potions of resistance
 O - 4 potions of invisibility
Miscellaneous
 t - a tin of tremorstones (inert)
 x - a phantom mirror (inert)
 E - a condenser vane (inert)
 N - a phial of floods
 T - a box of beasts


   Skills:
 + Level 14.9 Fighting
 + Level 14.9 Short Blades
 + Level 14.9 Long Blades
 + Level 14.9 Axes
 + Level 14.9 Maces & Flails
 + Level 14.9 Polearms
 + Level 14.9 Staves
 + Level 14.9 Ranged Weapons
 + Level 14.9 Throwing
 + Level 14.9 Armour
 + Level 15.6 Dodging
 + Level 15.5 Stealth
 + Level 18.0 Shields
 + Level 14.9 Unarmed Combat
 + Level 15.7 Spellcasting
 + Level 12.7 Conjurations
 + Level 12.7 Hexes
 + Level 12.7 Summonings
 + Level 12.7 Necromancy
 + Level 12.7 Translocations
 + Level 12.7 Transmutations
 + Level 12.7 Fire Magic
 + Level 14.4 Ice Magic
 + Level 12.7 Air Magic
 + Level 12.7 Earth Magic
 + Level 12.7 Poison Magic
 + Level 16.2 Invocations
 + Level 14.9 Evocations


You had 7 spell levels left.
You knew the following spells:

 Your Spells              Type           Power      Damage    Failure   Level
a - Yara's Violent Unrav  Hex/Tmut       44%        3d17      1%          5
b - Frozen Ramparts       Ice            100%       1d16      0%          3
c - Death Channel         Necr           44%        N/A       1%          6
d - Statue Form           Tmut/Erth      59%        N/A       1%          6
e - Tukima's Dance        Hex            89%        N/A       0%          3
f - Simulacrum            Ice/Necr       46%        N/A       1%          6
g - Summon Ice Beast      Ice/Summ       92%        N/A       1%          4
h - Call Canine Familiar  Summ           89%        N/A       0%          3
i - Airstrike             Air            44%        2d(7-23)  1%          4
j - Passage of Golubria   Tloc           89%        N/A       1%          4

Your spell library contained the following spells:

 Spells                   Type           Power      Damage    Failure   Level
 Apportation              Tloc           100%       N/A       0%          1
 Freeze                   Ice            100%       1d10      0%          1
 Necrotise                Necr           100%       1d9       0%          1
 Shock                    Conj/Air       100%       1d9       0%          1
 Summon Small Mammal      Summ           100%       N/A       0%          1
 Blink                    Tloc           100%       N/A       0%          2
 Lesser Beckoning         Tloc           100%       N/A       0%          2
 Momentum Strike          Conj/Tloc      100%       3d10      0%          2
 Sublimation of Blood     Necr           89%        N/A       0%          2
 Dazzling Flash           Conj/Hex       100%       N/A       0%          3
 Gell's Gravitas          Tloc           89%        N/A       0%          3
 Hailstorm                Conj/Ice       92%        3d18      0%          3
 Ignite Poison            Fire/Tmut/Pois 89%        N/A       0%          3
 Ozocubu's Armour         Ice            94%        N/A       0%          3
 Portal Projectile        Hex/Tloc       100%       N/A       0%          3
 Swiftness                Air            89%        N/A       0%          3
 Teleport Other           Tloc           89%        N/A       0%          3
 Animate Dead             Necr           89%        N/A       1%          4
 Dispel Undead            Necr           89%        3d28      1%          4
 Ice Form                 Ice/Tmut       92%        N/A       1%          4
 Leda's Liquefaction      Hex/Erth       44%        N/A       1%          4
 Manifold Assault         Tloc           89%        N/A       1%          4
 Petrify                  Tmut/Erth      89%        N/A       1%          4
 Sticky Flame             Conj/Fire      89%        2d10      1%          4
 Agony                    Necr           89%        N/A       1%          5
 Alistair's Intoxication  Tmut/Pois      59%        N/A       1%          5
 Borgnjor's Vile Clutch   Necr/Erth      44%        N/A       1%          5
 Fireball                 Conj/Fire      44%        3d18      1%          5
 Irradiate                Conj/Tmut      44%        3d26      1%          5
 Iskenderun's Battlesphe  Conj           89%        2d14      1%          5
 Metabolic Englaciation   Hex/Ice        46%        N/A       1%          5
 Silence                  Hex/Air        44%        N/A       1%          5
 Conjure Ball Lightning   Conj/Air       44%        3x3d15    1%          6
 Ozocubu's Refrigeration  Ice            47%        4d17      1%          7
 Enfeeble                 Hex            44%        N/A       4%          7
 Orb of Destruction       Conj           44%        9d12      4%          7
 Spellforged Servitor     Conj/Summ      44%        N/A       4%          7
 Storm Form               Tmut/Air       44%        N/A       4%          7
 Ignition                 Fire           44%        3d13      32%         8
 Lehudib's Crystal Spear  Conj/Erth      44%        10d11     32%         8


Dungeon Overview and Level Annotations

Branches:
Dungeon (15/15)            Temple (1/1) D:5            Lair (5/5) D:9
 Shoals (4/4) Lair:2       Spider (4/4) Lair:2        Slime (0/5) Lair:4
    Orc (2/2) D:11            Elf (3/3) Orc:2        Vaults (3/5) D:14
  Crypt (0/3) Vaults:3     Depths (0/4) D:15         Bailey (visited)
Gauntlet (visited)

Altars:
Ashenzari
Cheibriados
Dithmenos
Elyvilon
Fedhas
Gozag
Hepliaklqana
Kikubaaqudgha
Makhleb
Nemelex Xobeh
Okawaru
Qazlal
Ru
Sif Muna
Trog
Uskayaw
Vehumet
Wu Jian
Xom
Yredelemnul
Zin
The Shining One
Jiyva

Shops:
D:3 *   D:12 [   Orc:2 [*(=   Elf:1 =   Elf:2 *   Elf:3 =   Shoals:3 ***


Innate Abilities, Weirdness & Mutations

You are a living statue of rough stone.
Your actions are slow, but your melee attacks are powerful.
You are resistant to unholy torment.
Your maximum health is greatly increased.
You are immune to poison.
Your equipment is partially melded.
You have very sharp teeth.
Your uncanny sense of smell can sniff out nearby items.
Your experience applies equally to all skills.
You have a pair of small horns on your head.
((You are partially covered in iridescent scales. (AC +2)))
Your flesh is cold resistant. (rC+)
You are dopey. (Int -2)
You passively map a small area around you.
((You are covered in fur. (AC +1)))
You are very weak. (Str -4)
You sometimes lose the ability to drink potions when taking damage.
[You have an uncontrollable temper.]
[You are clumsy. (Dex -2)]
[Your body often deteriorates upon taking damage.]
[You are frail. (-10% HP)]
[Your magical capacity is extremely low. (-30% MP)]
[You frequently scream uncontrollably at your foes.]
[You do not regenerate when monsters are visible.]
[((You are often teleported next to monsters.))]
[Potions are less effective at restoring your health.]
[You are very vulnerable to heat. (rF--)]
[Your spells are a little easier to cast, but a little less powerful.]
[You sometimes lose the ability to read scrolls when taking damage.]


Message History

Aiming: Phantom Mirror
Press: ? - help, Dir - move target, f - hellephant
Aim: a hellephant You reflect the hellephant with the mirror!
The mirror clouds!
The sun demon stops burning.
The crimson imp blinks!
The hellephant completely misses you. You block the hellephant's attack. x2
The sun demon hits your hellephant but does no damage.
You block the hellephant's attack. x2; The hellephant completely misses you.
The green very ugly thing completely misses you.
The green very ugly thing attacks as you move away!
The green very ugly thing tentacle-slaps you!
* * * LOW HITPOINT WARNING * * *
A starcursed mass splits.
The sun demon hits your hellephant!
Your hellephant is engulfed in flames!
The cyan ugly thing basks in the mutagenic energy from its kin and changes!
A wretched star comes into view.
You block the hellephant's attack. x3
The brown very ugly thing basks in the mutagenic energy from its kin and changes!
Your hellephant tramples the crimson imp!!
The crimson imp holds its ground!
The crimson imp dies!
Cheibriados thoroughly appreciates the change of pace.
A glowing mist starts to gather...
The green very ugly thing closely misses your spectral crimson imp.
The sun demon hits your spectral crimson imp!
Your spectral crimson imp is engulfed in flames!
Your spectral crimson imp is destroyed!
The balrug completely misses you.
The sun demon hits your hellephant but does no damage.
The hellephant misses you. The hellephant barely misses you.
The hellephant completely misses you.
Your hellephant tramples the sun demon!
The sun demon is shoved backwards!
The sun demon hits your hellephant!
Your hellephant is engulfed in flames!
The balrug closely misses you.
The sun demon barely misses your hellephant.
Your hellephant barely misses the sun demon.
Your hellephant bites the sun demon!
Your hellephant barely misses the sun demon.
The hellephant breathes flames at you. The blast of flame hits you!!!
The fire burns you terribly!
You die...

. ..#....X#.....#.
............X.........
......*.X.u....... .
........u..X........
.....#.X...# .X..#. .#.
##...###XX.# #Z..#
....#.....#uX...# ....#
.∩.....XY3uu............
#......82u3.............
#..#..#..Y3##..#. ...#..
#.....≈≈≈...≈≈≈...##.#
#.....≈≈≈≈≈.≈≈~≈≈##..
#..#..#~~.≈≈.~≈.≈≈# #.
.#..###≈...≈.≈...≈ ##.
.~...≈.~.. . .≈...≈>≈..


You could see a hellephant (catching breath), 2 starcursed masses, 3 very ugly
things, a balrug, a wretched star (wandering), a brown ugly thing, 3 sun demons,
2 large abominations and a friendly hellephant (summoned, drained).

Vanquished Creatures
  The ghost of Hutsabit the Convoker, an adept DrFE of Nemelex Xobeh (Elf:2)
  Jorgrun (Shoals:1)
  Rupert (Lair:4)
  3 deep elf blademasters
  A deep elf master archer (Elf:3)
  A kraken (Shoals:4)
  Agnes (Elf:1)
  5 tentacled starspawn (Abyss:6)
  Kirke (Lair:4)
  The ghost of Mil Mal Serr the Warrior, an adept MiFi of Okawaru (Shoals:1)
  A daeva (Abyss:6)
  Donald (Shoals:3)
  The ghost of Tagont the Spry, an adept DsGl of Wu Jian (Shoals:3)
  6 ghost moths
  A frost giant (Vaults:1)
  3 emperor scorpions
  2 deep elf sorcerers
  A vault warden (Vaults:1)
  2 deep elf elementalists (Elf:3)
  3 very ugly things (Abyss:5)
  2 ironbound preservers (Vaults:3)
  4 starflowers (Abyss:4)
  A deep elf annihilator (Elf:3)
  2 spark wasps (Spider:4)
  Azrael (Elf:1)
  A dire elephant (Vaults:1)
  A minotaur (Gauntlet)
  Snorg (Lair:4)
  3 merfolk javelineers
  3 deep elf death magi
  4 merfolk impalers
  Josephine (Orc:2)
  A jiangshi (Vaults:3)
  A fire dragon (Abyss:6)
  2 great orbs of eyes
  4 vault guards
  5 yaktaur captains
  Harold (Lair:2)
  Erolcha (Orc:2)
  An entropy weaver (Vaults:1)
  2 merfolk avatars
  3 catoblepae
  2 hydras
  2 ironbound frosthearts
  An alligator snapping turtle (Shoals:4)
  2 jorogumos
  5 centaur warriors
  2 satyrs
  An anaconda (shapeshifter) (D:15)
  8 boulder beetles
  20 dancing weapons
  3 merfolk aquamancers
  2 two-headed ogres (D:12)
  13 death yaks (Lair:5)
  Urug (Lair:3)
  3 orc high priests
  Sonja (Orc:2)
  5 thrashing horrors (Abyss:6)
  6 deep elf knights
  A wretched star (Abyss:6)
  Amaemon (Lair:3)
  5 skeletal warriors
  A spatial maelstrom (Abyss:6)
  A pharaoh ant (Spider:3)
  3 deep trolls (Vaults:2)
  2 orb spiders (Spider:4)
  3 sea snakes
  2 ironbound convokers
  A glowing orange brain (Abyss:5)
  13 harpies
  5 lindwurms
  2 steelbarb worms (Spider:4)
  9 deep elf archers
  An oklob plant (Lair:3)
  20 deep elf zephyrmancers
  3 orc knights (Orc:2)
  A wizard (D:14)
  2 necromancers
  15 ugly things
  8 deep elf pyromancers
  5 orc sorcerers
  5 manticores
  9 cyclopes
  A shining eye (Abyss:6)
  7 fauns (Shoals:1)
  A vault sentinel (Vaults:3)
  11 wolf spiders
  2 moths of wrath
  6 elephants
  6 merfolk sirens
  A guardian serpent (Abyss:6)
  3 black mambas
  4 demonic crawlers
  An apocalypse crab (Abyss:6)
  3 water nymphs
  2 gargoyles
  2 large abominations
  11 cane toads
  2 torpor snails
  4 smoke demons
  2 unseen horrors
  2 kobold demonologists (D:11)
  10 komodo dragons
  A rime drake (Lair:5)
  2 efreet
  5 yaktaurs (Vaults:3)
  A tormentor (Abyss:6)
  2 trolls
  2 ancient zymes (Abyss:6)
  A meliai (Lair:2)
  A queen bee (shapeshifter) (Elf:2)
  17 merfolk
  17 tarantellas
  7 wind drakes
  11 blink frogs
  5 polar bears
  10 raiju (Abyss:6)
  12 hornets
  5 snapping turtles
  Prince Ribbit (Bailey)
  5 dream sheep (Shoals:2)
  5 jumping spiders
  2 shadows
  6 culicivoras
  7 slime creatures
  4 air elementals
  43 yaks
  3 wyverns
  3 fire bats (Abyss:6)
  21 humans
  5 water elementals
  A golden eye (shapeshifter) (Elf:2)
  9 wraiths
  2 fire elementals (Elf:1)
  5 hogs (Lair:4)
  2 steam dragons
  18 redbacks
  4 vampire mosquitoes
  A neqoxec (Abyss:6)
  A chaos spawn (Abyss:6)
  A warg (Orc:1)
  Edmund (D:4)
  10 water moccasins
  3 hell hounds (Elf:1)
  31 orc warriors
  A black bear (D:6)
  3 centaurs (D:13)
  7 ogres
  15 wolves
  2 phantoms (D:6)
  5 kobold brigands
  2 necrophages
  18 bullfrogs
  4 gnoll sergeants
  A scorpion (D:5)
  An earth elemental (Elf:3)
  7 wights
  2 small abominations
  14 killer bees
  6 electric eels
  A howler monkey (D:14)
  A crimson imp (Abyss:6)
  3 jellies
  18 orc priests
  4 hounds
  10 starcursed masses
  2 gnoll boudas
  An iguana (D:6)
  22 orc wizards
  7 hell rats (Lair:2)
  Robin (D:3)
  22 gnolls
  5 adders
  A shadow imp (D:7)
  An ufetubus (D:4)
  4 worms
  2 dart slugs
  76 orcs
  5 endoplasms
  3 giant cockroaches
  19 goblins
  12 hobgoblins
  6 jackals
  5 quokkas
  4 ball pythons
  2 bats
  3 frilled lizards
  6 kobolds
  4 rats
  A lurking horror (Abyss:6)
  2 starspawn tentacles (Abyss:6)
  A tentacle (Shoals:4)
993 creatures vanquished.

Vanquished Creatures (collateral kills)
  Nikola (Vaults:1)
  A deep elf master archer (Elf:3)
  Asterion (Vaults:1)
  A tentacled starspawn (Abyss:6)
  A kraken (Shoals:4)
  Ilsuiw (Shoals:2)
  6 emperor scorpions
  A ghost moth (Spider:4)
  A deep elf sorcerer (Elf:1)
  3 ironbound preservers
  2 orc warlords
  2 stone giants
  A broodmother (Spider:4)
  3 dire elephants (Vaults:1)
  5 ironbound thunderhulks (Vaults:1)
  A deep elf demonologist (Elf:1)
  A bunyip (Abyss:6)
  A crystal guardian (Abyss:5)
  7 merfolk impalers
  3 entropy weavers
  A vault guard (Bailey)
  A yaktaur captain (Vaults:1)
  2 great orbs of eyes
  A merfolk avatar (Shoals:4)
  A centaur warrior (D:13)
  3 rakshasas (D:15)
  2 ironbound frosthearts (Vaults:1)
  A merfolk aquamancer (Shoals:4)
  A radroach (Spider:4)
  A satyr (Shoals:3)
  A catoblepas (Gauntlet)
  A death yak (Lair:5)
  2 boulder beetles
  2 two-headed ogres
  A deep troll shaman (Lair:5)
  8 dancing weapons (Elf:2)
  An orc high priest (Orc:2)
  5 deep elf knights
  A shock serpent (shapeshifter) (D:14)
  A wretched star (Abyss:6)
  A skeletal warrior (D:10)
  3 pharaoh ants
  Lodul (D:14)
  A sixfirhy (Abyss:5)
  9 deep trolls
  8 sea snakes
  6 deep elf archers
  A swamp dragon (Abyss:6)
  7 orb spiders
  2 wizards (Vaults:1)
  3 lindwurms (Vaults:1)
  3 steelbarb worms
  An obsidian statue (Shoals:3)
  7 harpies
  3 ironbound convokers
  12 deep elf pyromancers
  2 orc sorcerers
  7 deep elf zephyrmancers
  A necromancer (D:14)
  16 ugly things
  9 wolf spiders
  2 fauns (Shoals:3)
  2 cyclopes
  4 manticores
  3 merfolk sirens
  A worldbinder (Abyss:6)
  4 moths of wrath
  An apocalypse crab (Abyss:6)
  3 water nymphs (Shoals:4)
  2 elephants (Lair:4)
  3 torpor snails
  A gargoyle (Gauntlet)
  8 vault sentinels
  4 demonic crawlers
  13 starcursed masses
  A cane toad (Lair:3)
  A smoke demon (Abyss:6)
  3 yaktaurs
  An orange demon (Lair:3)
  A rime drake (Lair:3)
  A komodo dragon (Lair:5)
  3 efreet (D:15)
  3 trolls
  A hornet (Spider:1)
  22 merfolk
  A wind drake (Shoals:3)
  9 tarantellas
  7 raiju (Abyss:6)
  8 snapping turtles
  An air elemental (Elf:1)
  16 jumping spiders
  7 slime creatures
  6 water elementals
  6 yaks
  8 culicivoras
  6 wraiths
  A wyvern (Lair:3)
  2 basilisks
  A fire elemental (Elf:2)
  4 humans (D:14)
  A neqoxec (Abyss:6)
  23 redbacks
  A chaos spawn (Abyss:6)
  2 vampire mosquitoes (D:12)
  A warg (Orc:2)
  2 small abominations
  2 water moccasins
  2 large abominations (Abyss:6)
  A black bear (Lair:3)
  11 orc warriors
  A tengu (Abyss:6)
  A wolf (Lair:3)
  9 ogres
  5 centaurs
  3 bullfrogs
  A crimson imp (Abyss:6)
  A howler monkey (D:14)
  2 orc priests
  A hound (D:6)
  A jelly (D:6)
  An iguana (D:6)
  4 orc wizards
  2 gnolls
  A shadow imp (D:6)
  A worm (Spider:1)
  17 orcs
  2 plants
  A tentacle (Shoals:4)
454 creatures vanquished.

Vanquished Creatures (others)
  A yaktaur captain (Vaults:1)
  An ironbound frostheart (Vaults:1)
  A deep elf knight (Elf:3)
  A sun demon (Abyss:6)
  An ironbound convoker (Vaults:1)
  A lindwurm (Vaults:1)
  A deep elf zephyrmancer (Elf:2)
  A deep elf pyromancer (D:15)
  A vault sentinel (Vaults:1)
  7 dancing weapons
  2 slime creatures (D:15)
  2 fire bats (Abyss:6)
  A water elemental (Shoals:2)
  A chaos spawn (Abyss:6)
  5 bushes (Abyss:6)
  9 demonic plants (Abyss:6)
  63 fungi
  102 plants
  9 starspawn tentacles (Abyss:6)
  10 tentacles (Shoals:4)
220 creatures vanquished.

Grand Total: 1667 creatures vanquished

Notes
Turn   | Place    | Note
-------+----------+-------------------------------------------
     0 | D:1      | NinjaNoafa the Gnoll Ice Elementalist began the quest for
                  | the Orb.
     0 | D:1      | Reached XP level 1. HP: 13/13 MP: 6/6
   258 | D:1      | Found a faded altar of an unknown god.
   282 | D:1      | Reached XP level 2. HP: 19/19 MP: 4/7
   769 | D:2      | Reached skill level 5 in Spellcasting
   769 | D:2      | Reached skill level 1 in Invocations
   769 | D:2      | Reached XP level 3. HP: 22/25 MP: 6/9
   809 | D:2      | Learned a level 3 spell: Frozen Ramparts
   813 | D:2      | Learned a level 3 spell: Ozocubu's Armour
   818 | D:2      | Reached skill level 1 in Fighting
   818 | D:2      | Reached skill level 1 in Short Blades
   818 | D:2      | Reached skill level 1 in Long Blades
   818 | D:2      | Reached skill level 1 in Axes
   818 | D:2      | Reached skill level 1 in Maces & Flails
   818 | D:2      | Reached skill level 1 in Polearms
   818 | D:2      | Reached skill level 1 in Staves
   818 | D:2      | Reached skill level 1 in Ranged Weapons
   818 | D:2      | Reached skill level 1 in Throwing
   818 | D:2      | Reached skill level 1 in Armour
   818 | D:2      | Reached skill level 1 in Shields
   818 | D:2      | Reached skill level 1 in Unarmed Combat
   818 | D:2      | Reached skill level 1 in Evocations
   904 | D:2      | Reached XP level 4. HP: 28/32 MP: 4/11
   911 | D:2      | Reached skill level 1 in Conjurations
   911 | D:2      | Reached skill level 1 in Hexes
   911 | D:2      | Reached skill level 1 in Summonings
   911 | D:2      | Reached skill level 1 in Necromancy
   911 | D:2      | Reached skill level 1 in Translocations
   911 | D:2      | Reached skill level 1 in Transmutations
   911 | D:2      | Reached skill level 1 in Fire Magic
   911 | D:2      | Reached skill level 1 in Air Magic
   911 | D:2      | Reached skill level 1 in Earth Magic
   911 | D:2      | Reached skill level 1 in Poison Magic
  1419 | D:2      | Identified the +6 rapier of Xuppyd Tott {drain, +Blink
                  | Will+ Dex+4}
  1986 | D:3      | Reached XP level 5. HP: 32/37 MP: 12/12
  1986 | D:3      | Found an opulent altar of Gozag.
  2008 | D:3      | Found Gozag's Platinum Reserve.
  2022 | D:3      | Noticed Robin
  2028 | D:3      | Killed Robin
  2385 | D:3      | Found a white marble altar of Elyvilon.
  2440 | D:4      | Noticed an ogre
  2458 | D:4      | Killed an ogre
  2459 | D:4      | Reached XP level 6. HP: 39/44 MP: 3/14
  2528 | D:4      | Reached skill level 5 in Dodging
  2528 | D:4      | Reached skill level 2 in Shields
  2548 | D:4      | Found a hazy altar of Hepliaklqana.
  2829 | D:4      | Noticed Edmund
  2851 | D:4      | Killed Edmund
  2852 | D:4      | Reached XP level 7. HP: 34/51 MP: 7/15
  3087 | D:4      | Noticed a wyvern
  3094 | D:4      | Killed a wyvern
  3095 | D:4      | Reached skill level 5 in Stealth
  3246 | D:5      | Entered Level 5 of the Dungeon
  3275 | D:5      | Found a snail-covered altar of Cheibriados.
  3327 | D:5      | Became a worshipper of Cheibriados the Contemplative
  3550 | D:5      | Found a staircase to the Ecumenical Temple.
  3580 | Temple   | Entered the Ecumenical Temple
  3924 | D:5      | You fall into a shaft and drop 1 floor!
  3931 | D:6      | Reached skill level 3 in Shields
  3976 | D:6      | Reached XP level 8. HP: 58/58 MP: 9/16
  4276 | D:6      | Learned a level 4 spell: Summon Ice Beast
  4358 | D:6      | Found Waavead's Jewellery Emporium.
  4375 | D:6      | Reached * piety under Cheibriados
  4862 | D:6      | Reached XP level 9. HP: 51/65 MP: 7/18
  4914 | D:6      | Reached skill level 4 in Shields
  5018 | D:6      | Identified the +0 robe "Zumymmigg" {Str+3 Int+4}
  5068 | D:6      | Learned a level 3 spell: Gell's Gravitas
  5133 | D:6      | Reached ** piety under Cheibriados
  5139 | D:6      | Learned a level 3 spell: Teleport Other
  5365 | D:6      | Learned a level 2 spell: Lesser Beckoning
  5886 | D:7      | Found a sparkling altar of Nemelex Xobeh.
  6573 | D:8      | Reached skill level 5 in Invocations
  7159 | D:8      | Reached *** piety under Cheibriados
  7561 | D:8      | Learned a level 3 spell: Call Canine Familiar
  7828 | D:9      | Reached skill level 5 in Fighting
  7828 | D:9      | Reached skill level 5 in Short Blades
  7828 | D:9      | Reached skill level 5 in Long Blades
  7828 | D:9      | Reached skill level 5 in Axes
  7828 | D:9      | Reached skill level 5 in Maces & Flails
  7828 | D:9      | Reached skill level 5 in Polearms
  7828 | D:9      | Reached skill level 5 in Staves
  7828 | D:9      | Reached skill level 5 in Ranged Weapons
  7828 | D:9      | Reached skill level 5 in Throwing
  7828 | D:9      | Reached skill level 5 in Armour
  7828 | D:9      | Reached skill level 5 in Shields
  7828 | D:9      | Reached skill level 5 in Unarmed Combat
  7828 | D:9      | Reached skill level 5 in Evocations
  7828 | D:9      | Reached XP level 10. HP: 73/74 MP: 3/20
  8643 | D:9      | Reached **** piety under Cheibriados
  8985 | D:9      | Found a staircase to the Lair.
  9139 | D:10     | Entered Level 10 of the Dungeon
  9145 | D:10     | Found a flagged portal.
  9167 | Bailey   | Entered a bailey
  9205 | Bailey   | Reached skill level 6 in Shields
  9323 | Bailey   | Reached skill level 5 in Conjurations
  9323 | Bailey   | Reached skill level 5 in Hexes
  9323 | Bailey   | Reached skill level 5 in Summonings
  9323 | Bailey   | Reached skill level 5 in Necromancy
  9323 | Bailey   | Reached skill level 5 in Translocations
  9323 | Bailey   | Reached skill level 5 in Transmutations
  9323 | Bailey   | Reached skill level 5 in Fire Magic
  9323 | Bailey   | Reached skill level 5 in Air Magic
  9323 | Bailey   | Reached skill level 5 in Earth Magic
  9323 | Bailey   | Reached skill level 5 in Poison Magic
  9328 | Bailey   | Reached XP level 11. HP: 81/81 MP: 3/22
  9467 | Bailey   | Noticed Prince Ribbit
  9467 | Bailey   | Noticed a vault guard
  9473 | Bailey   | Killed Prince Ribbit
  9484 | Bailey   | Killed a vault guard
  9633 | Bailey   | Noticed a vault guard
  9657 | Bailey   | HP: 4/81 [vault guard/+0 broad axe (16)]
  9658 | Bailey   | Killed a vault guard
  9943 | Bailey   | Reached ***** piety under Cheibriados
 10097 | D:10     | Learned a level 4 spell: Passage of Golubria
 10579 | D:10     | Noticed a two-headed ogre
 10591 | D:10     | Killed a two-headed ogre
 10837 | D:10     | Noticed a skeletal warrior
 10862 | D:10     | Killed a skeletal warrior
 11029 | D:10     | Found the +5 scythe "Finisher" {speed, eviscerate}
 11843 | D:11     | Noticed a cyan ugly thing
 11853 | D:11     | Killed a cyan ugly thing
 11983 | D:11     | Reached skill level 7 in Shields
 12083 | D:11     | Reached XP level 12. HP: 76/91 MP: 1/24
 12262 | D:11     | Learned a level 4 spell: Airstrike
 12908 | D:11     | Found a staircase to the Orcish Mines.
 13070 | Lair:1   | Entered Level 1 of the Lair of Beasts
 13234 | Orc:1    | Entered Level 1 of the Orcish Mines
 13237 | Orc:1    | Reached ****** piety under Cheibriados
 13383 | Orc:2    | Entered Level 2 of the Orcish Mines
 13447 | Orc:2    | Noticed Sonja
 13453 | Orc:2    | Killed Sonja
 13457 | Orc:2    | Found a gate leading to a gauntlet.
 13490 | Orc:2    | Noticed Josephine
 13495 | Orc:2    | Killed Josephine
 13503 | Gauntlet | Entered a Gauntlet
 13503 | Gauntlet | Found a transporter.
 13503 | Gauntlet | Found a transporter.
 13503 | Gauntlet | Found a runed translucent gate.
 13524 | Gauntlet | Found a transporter.
 13525 | Gauntlet | Found a transporter.
 13526 | Gauntlet | Found a runed translucent gate.
 13527 | Gauntlet | Found a runed translucent gate.
 13528 | Gauntlet | Found a transporter.
 13529 | Gauntlet | Noticed a catoblepas
 13530 | Gauntlet | Noticed a catoblepas
 13535 | Gauntlet | Found a transporter.
 13537 | Gauntlet | Found a transporter.
 13539 | Gauntlet | Found a transporter.
 13541 | Gauntlet | Found a transporter.
 13541 | Gauntlet | Noticed a death yak
 13543 | Gauntlet | Noticed a death yak
 13544 | Gauntlet | Noticed a death yak
 13544 | Gauntlet | Noticed a death yak
 13544 | Gauntlet | Noticed a death yak
 13545 | Gauntlet | Noticed a death yak
 13546 | Gauntlet | Noticed a great orb of eyes
 13547 | Gauntlet | Found a transporter.
 13548 | Gauntlet | Found a transporter.
 13589 | Gauntlet | Found a transporter.
 13745 | Gauntlet | Identified the ring of Lekkyemn {rElec rF+ Str+6 Dex+2}
 13881 | Gauntlet | Killed a catoblepas
 13971 | Gauntlet | Killed a great orb of eyes
 14043 | Gauntlet | Identified the amulet of Pepigr Ynne {Spirit Regen+}
 14077 | Gauntlet | Noticed a minotaur
 14094 | Gauntlet | Killed a minotaur
 14243 | Orc:2    | Reached skill level 8 in Shields
 14659 | Lair:1   | Identified the +5 dagger "Joag" {flame, rF+ Str+2}
 14973 | Lair:1   | Reached XP level 13. HP: 98/98 MP: 13/26
 15756 | Lair:2   | Reached skill level 10 in Ice Magic
 16040 | Lair:2   | Identified the +0 robe of Youthful Indiscretion {Fly}
 16276 | Lair:2   | Found a hole to the Spider Nest.
 16459 | Lair:2   | Noticed Harold
 16480 | Lair:2   | Killed Harold
 16481 | Lair:2   | Reached skill level 10 in Spellcasting
 16827 | Lair:2   | Found a staircase to the Shoals.
 17438 | Lair:3   | You fall into a shaft and drop 1 floor!
 17465 | Lair:3   | Reached skill level 10 in Dodging
 18052 | Lair:3   | Noticed Amaemon
 18064 | Lair:3   | Reached skill level 9 in Shields
 18064 | Lair:3   | Killed Amaemon
 18065 | Lair:3   | Reached skill level 10 in Stealth
 18640 | Lair:3   | Noticed Urug
 18652 | Lair:3   | Killed Urug
 19030 | Lair:4   | Found a viscous altar of Jiyva.
 19030 | Lair:4   | Found a staircase to the Slime Pits.
 19046 | Lair:4   | Noticed Snorg
 19054 | Lair:4   | Killed Snorg
 19060 | Lair:4   | Reached skill level 10 in Invocations
 19060 | Lair:4   | Reached XP level 14. HP: 72/108 MP: 10/28
 19478 | Lair:4   | Noticed Rupert
 19491 | Lair:4   | Learned a level 5 spell: Yara's Violent Unravelling
 19496 | Lair:4   | Noticed Kirke
 19497 | Lair:4   | Killed Rupert
 19504 | Lair:4   | Gained mutation: Your muscles are strong. (Str +4, Int/Dex
                  | -1) [you]
 19509 | Lair:4   | Killed Kirke
 19620 | Lair:4   | Gained mutation: You occasionally lose the ability to drink
                  | potions when taking damage. [you]
 19621 | Lair:4   | Gained mutation: [You are frail. (-10% HP)] [you]
 19624 | Lair:4   | Gained mutation: [You occasionally shout uncontrollably at
                  | your foes.] [you]
 20071 | Lair:5   | Entered Level 5 of the Lair of Beasts
 20219 | Lair:5   | Lost mutation: Your muscles are strong. (Str +4, Int/Dex
                  | -1) [you]
 20578 | Lair:5   | Gained mutation: You are dopey. (Int -2) [you]
 20579 | Lair:5   | Gained mutation: You are vulnerable to cold. (rC-) [you]
 20587 | Lair:5   | Gained mutation: You are very dopey. (Int -4) [you]
 20599 | Lair:5   | Gained mutation: [Your body sometimes deteriorates upon
                  | taking damage.] [you]
 20869 | Lair:5   | Reached skill level 10 in Fighting
 20869 | Lair:5   | Reached skill level 10 in Short Blades
 20869 | Lair:5   | Reached skill level 10 in Long Blades
 20869 | Lair:5   | Reached skill level 10 in Axes
 20869 | Lair:5   | Reached skill level 10 in Maces & Flails
 20869 | Lair:5   | Reached skill level 10 in Polearms
 20869 | Lair:5   | Reached skill level 10 in Staves
 20869 | Lair:5   | Reached skill level 10 in Ranged Weapons
 20869 | Lair:5   | Reached skill level 10 in Throwing
 20869 | Lair:5   | Reached skill level 10 in Armour
 20869 | Lair:5   | Reached skill level 10 in Shields
 20869 | Lair:5   | Reached skill level 10 in Unarmed Combat
 20869 | Lair:5   | Reached skill level 10 in Evocations
 21168 | Lair:5   | Reached XP level 15. HP: 90/103 MP: 11/30
 21296 | Lair:5   | Got the Disquisition on Deathly Companions
 22592 | Orc:2    | Noticed Erolcha
 22596 | Orc:2    | Killed Erolcha
 23189 | Orc:2    | Found a staircase to the Elven Halls.
 23354 | Orc:2    | Noticed an orc warlord
 23441 | Orc:2    | Killed an orc warlord
 23546 | Orc:2    | Paralysed by an orc sorcerer for 2 turns
 23654 | Orc:2    | Found Ronaonyo's Antique Armour Shoppe.
 23655 | Orc:2    | Found Daabru Popn's Antique Weapon Shoppe.
 23657 | Orc:2    | Found Ysic's General Store.
 23657 | Orc:2    | Found Ahopicu's Jewellery Emporium.
 23675 | Orc:2    | Bought a potion of mutation for 136 gold pieces
 23675 | Orc:2    | Bought a phantom mirror for 680 gold pieces
 23675 | Orc:2    | Bought a scroll of vulnerability for 68 gold pieces
 23678 | Orc:2    | Lost mutation: [You occasionally shout uncontrollably at
                  | your foes.] [potion of mutation]
 23678 | Orc:2    | Lost mutation: [Your body sometimes deteriorates upon
                  | taking damage.] [potion of mutation]
 23679 | Orc:2    | Lost mutation: You are very dopey. (Int -4) [potion of
                  | mutation]
 23679 | Orc:2    | Lost mutation: You are dopey. (Int -2) [potion of mutation]
 23679 | Orc:2    | Gained mutation: [Your spells are a little easier to cast,
                  | but a little less powerful.] [potion of mutation]
 23679 | Orc:2    | Gained mutation: You expend magic power (3 MP) to
                  | strengthen your wands. [potion of mutation]
 23679 | Orc:2    | Gained mutation: You have a pair of small horns on your
                  | head. [potion of mutation]
 23680 | Orc:2    | Lost mutation: You are vulnerable to cold. (rC-) [potion of
                  | mutation]
 23680 | Orc:2    | Lost mutation: You occasionally lose the ability to drink
                  | potions when taking damage. [potion of mutation]
 23680 | Orc:2    | Lost mutation: [You are frail. (-10% HP)] [potion of
                  | mutation]
 23680 | Orc:2    | Gained mutation: [Your magical capacity is low. (-10% MP)]
                  | [potion of mutation]
 23680 | Orc:2    | Gained mutation: You are agile. (Dex +4, Str/Int -1)
                  | [potion of mutation]
 23680 | Orc:2    | Gained mutation: You are covered in fur. (AC +1) [potion of
                  | mutation]
 23702 | Orc:2    | Bought a +2 hat for 272 gold pieces
 23806 | Elf:1    | Entered Level 1 of the Elven Halls
 23815 | Elf:1    | Paralysed by an air elemental for 1 turns
 24152 | Shoals:1 | Entered Level 1 of the Shoals
 24438 | Shoals:1 | Noticed Jorgrun
 24455 | Shoals:1 | Killed Jorgrun
 25017 | Shoals:1 | Found a runed translucent gate.
 25017 | Shoals:1 | Found a runed translucent gate.
 25017 | Shoals:1 | Found a runed translucent gate.
 25018 | Shoals:1 | Noticed Mil Mal Serr's ghost (adept MiFi)
 25248 | Shoals:1 | Gained mutation: You occasionally lose the ability to drink
                  | potions when taking damage. [you]
 25266 | Shoals:1 | Killed Mil Mal Serr's ghost
 25562 | Shoals:1 | Learned a level 6 spell: Simulacrum
 25579 | Shoals:2 | Gained mutation: [You occasionally lose the ability to read
                  | scrolls when taking damage.] [you]
 25580 | Shoals:2 | Reached skill level 11 in Shields
 25584 | Shoals:2 | Reached XP level 16. HP: 110/124 MP: 16/28
 25599 | Shoals:1 | Learned a level 3 spell: Tukima's Dance
 25645 | Shoals:2 | Noticed Ilsuiw
 25668 | Shoals:2 | Killed Ilsuiw
 26274 | Spider:1 | Entered Level 1 of the Spider Nest
 26809 | Spider:1 | Paralysed by a hornet for 2 turns
 26830 | Spider:1 | Paralysed by a hornet for 2 turns
 27059 | Spider:1 | Reached skill level 12 in Shields
 28124 | Elf:1    | Found Gyfeg Ekhlux's Jewellery Emporium.
 29326 | Elf:1    | Noticed Azrael
 29342 | Elf:1    | Reached XP level 17. HP: 118/133 MP: 6/30
 29342 | Elf:1    | Killed Azrael
 29351 | Elf:1    | Reached skill level 10 in Conjurations
 29351 | Elf:1    | Reached skill level 10 in Hexes
 29351 | Elf:1    | Reached skill level 10 in Summonings
 29351 | Elf:1    | Reached skill level 10 in Necromancy
 29351 | Elf:1    | Reached skill level 10 in Translocations
 29351 | Elf:1    | Reached skill level 10 in Transmutations
 29351 | Elf:1    | Reached skill level 10 in Fire Magic
 29351 | Elf:1    | Reached skill level 10 in Air Magic
 29351 | Elf:1    | Reached skill level 10 in Earth Magic
 29351 | Elf:1    | Reached skill level 10 in Poison Magic
 29360 | Elf:1    | Gained mutation: [You are vulnerable to heat. (rF-)] [a
                  | neqoxec]
 29365 | Elf:1    | Gained mutation: You are weak. (Str -2) [you]
 29378 | Elf:1    | Noticed a Brimstone Fiend
 29485 | Elf:1    | Bought the ring of the Mage {Wiz Archmagi} for 663 gold
                  | pieces
 29485 | Elf:1    | Found the ring of the Mage {Wiz Archmagi}
 29560 | Elf:1    | Got the Verses on Arcane Weapons
 29563 | Elf:1    | Noticed an Executioner
 29590 | Elf:1    | Noticed Agnes
 29597 | Elf:1    | Killed Agnes
 30074 | Elf:2    | Paralysed by an air elemental for 1 turns
 30286 | Elf:2    | Found a runed translucent gate.
 30286 | Elf:2    | Found a runed translucent gate.
 30287 | Elf:2    | Found a runed translucent gate.
 30301 | Elf:2    | Noticed Hutsabit's ghost (adept DrFE)
 30321 | Elf:2    | Reached skill level 13 in Shields
 30419 | Elf:2    | Paralysed by an air elemental for 1 turns
 30496 | Elf:2    | Found Jeixira's General Store.
 30504 | Elf:2    | Bought a scroll of fog for 56 gold pieces
 30504 | Elf:2    | Bought 2 potions of lignification for 84 gold pieces
 30668 | Elf:2    | Found a runed translucent gate.
 30668 | Elf:2    | Found a runed translucent gate.
 30668 | Elf:2    | Found a runed translucent gate.
 31153 | Elf:3    | Entered Level 3 of the Elven Halls
 31445 | Elf:3    | Identified the +8 quarterstaff of a sewer {spect, rElec
                  | Str+6}
 31591 | Elf:3    | Noticed a deep elf master archer
 31593 | Elf:3    | Noticed a deep elf blademaster
 31595 | Elf:3    | Noticed a deep elf blademaster
 31595 | Elf:3    | Noticed a deep elf master archer
 31608 | Elf:3    | Noticed a deep elf master archer
 31608 | Elf:3    | Noticed a deep elf blademaster
 32450 | Shoals:3 | Noticed Donald
 32464 | Shoals:3 | Gained mutation: [Your magical capacity is very low. (-20%
                  | MP)] [you]
 32469 | Shoals:3 | Killed Donald
 32469 | Shoals:3 | Gained mutation: You are dopey. (Int -2) [you]
 32604 | Shoals:3 | Found a runed translucent gate.
 32610 | Shoals:3 | Found a runed translucent gate.
 32611 | Shoals:3 | Found an opulent altar of Gozag.
 32611 | Shoals:3 | Found a runed translucent gate.
 32639 | Shoals:3 | Noticed Tagont's ghost (adept DsGl)
 32640 | Shoals:3 | Found Vaomn's Assorted Antiques.
 33002 | Shoals:3 | Found Biolev's General Store.
 33004 | Shoals:3 | Found Licyciq Gibi's Specific Store.
 33012 | Shoals:3 | Bought a wand of mindburst (5) for 105 gold pieces
 33012 | Shoals:3 | Bought a potion of heal wounds for 75 gold pieces
 33012 | Shoals:3 | Bought a scroll of immolation for 60 gold pieces
 33012 | Shoals:3 | Bought a phial of floods for 600 gold pieces
 33012 | Shoals:3 | Bought a potion of berserk rage for 75 gold pieces
 34251 | Elf:2    | Reached XP level 18. HP: 108/141 MP: 3/28
 34269 | Elf:2    | HP: 1/141 [Hutsabit's ghost/the air (15)]
 34414 | Elf:2    | Killed Hutsabit's ghost
 34465 | Elf:2    | Identified the +5 cloak of Temperance {Fly}
 34811 | D:12     | Reached skill level 14 in Shields
 34817 | D:12     | Lost mutation: You are agile. (Dex +4, Str/Int -1) [potion
                  | of mutation]
 34817 | D:12     | Lost mutation: [Your spells are a little easier to cast,
                  | but a little less powerful.] [potion of mutation]
 34817 | D:12     | Lost mutation: [Your magical capacity is very low. (-20%
                  | MP)] [potion of mutation]
 34817 | D:12     | Gained mutation: You are partially covered in iridescent
                  | scales. (AC +2) [potion of mutation]
 35025 | D:12     | Learned a level 6 spell: Statue Form
 35074 | D:12     | Found Cuonk's Armour Boutique.
 35663 | D:13     | Lost mutation: You are weak. (Str -2) [potion of mutation]
 35663 | D:13     | Lost mutation: You expend magic power (3 MP) to strengthen
                  | your wands. [potion of mutation]
 35663 | D:13     | Gained mutation: [Potions are less effective at restoring
                  | your health.] [potion of mutation]
 35663 | D:13     | Gained mutation: You have hidden genetic potential. [potion
                  | of mutation]
 35782 | D:13     | Lost mutation: [You occasionally lose the ability to read
                  | scrolls when taking damage.] [potion of mutation]
 35782 | D:13     | Lost mutation: [You are vulnerable to heat. (rF-)] [potion
                  | of mutation]
 35782 | D:13     | Lost mutation: [Your magical capacity is low. (-10% MP)]
                  | [potion of mutation]
 35782 | D:13     | Gained mutation: [Your magical capacity is low. (-10% MP)]
                  | [potion of mutation]
 35782 | D:13     | Gained mutation: You passively map a small area around you.
                  | [potion of mutation]
 35979 | D:13     | Learned a level 6 spell: Death Channel
 36592 | D:14     | Gained mutation: [Your body sometimes deteriorates upon
                  | taking damage.] [you]
 36932 | D:14     | Noticed Lodul
 36942 | D:14     | Killed Lodul
 37101 | D:14     | Found a gate to the Vaults.
 37598 | D:15     | Entered Level 15 of the Dungeon
 38710 | D:15     | Found a staircase to the Depths.
 39452 | Spider:3 | Reached skill level 15 in Shields
 39829 | Spider:3 | Reached XP level 19. HP: 149/149 MP: 5/33
 40201 | Spider:4 | Entered Level 4 of the Spider Nest
 40265 | Spider:4 | Gained mutation: Your natural rate of healing is unusually
                  | fast. [hidden potential]
 40723 | Spider:4 | Identified the +2 hat of Submission {Str+2}
 40764 | Spider:4 | Got a gossamer rune of Zot
 40778 | Spider:4 | Lost mutation: Your natural rate of healing is unusually
                  | fast. [potion of mutation]
 40778 | Spider:4 | Lost mutation: [Your body sometimes deteriorates upon
                  | taking damage.] [potion of mutation]
 40778 | Spider:4 | Lost mutation: [Your magical capacity is low. (-10% MP)]
                  | [potion of mutation]
 40778 | Spider:4 | Gained mutation: [You occasionally shout uncontrollably at
                  | your foes.] [potion of mutation]
 40778 | Spider:4 | Gained mutation: Your muscles are strong. (Str +4, Int/Dex
                  | -1) [potion of mutation]
 41102 | Shoals:4 | Entered Level 4 of the Shoals
 41774 | Shoals:4 | Reached skill level 16 in Shields
 42004 | Shoals:3 | Killed Tagont's ghost
 42100 | Shoals:3 | Bought 2 potions of flight for 228 gold pieces
 42100 | Shoals:3 | Bought a scroll of teleportation for 114 gold pieces
 42100 | Shoals:3 | Bought a potion of brilliance for 152 gold pieces
 42100 | Shoals:3 | Bought a scroll of teleportation for 114 gold pieces
 42199 | Shoals:4 | Identified the +3 glaive of Xusoymmuwko {protect, rPois
                  | Dex-2 SInv}
 42291 | Shoals:4 | Reached skill level 15 in Invocations
 42333 | Shoals:4 | Got a barnacled rune of Zot
 43094 | Elf:2    | Reached XP level 20. HP: 158/158 MP: 9/38
 43368 | Elf:2    | Gained mutation: Your flesh is cold resistant. (rC+)
                  | [hidden potential]
 43368 | Elf:2    | Lost mutation: You have hidden genetic potential. [hidden
                  | potential expressed]
 43808 | Elf:3    | Found Kedghut's Jewellery Emporium.
 44186 | Elf:3    | Identified the amulet of Limegit {Faith rElec rPois Dex+6}
 44190 | Elf:3    | Gained mutation: You sometimes lose the ability to drink
                  | potions when taking damage. [you]
 44611 | Vaults:1 | Entered Level 1 of the Vaults
 44697 | Vaults:1 | Reached skill level 15 in Spellcasting
 44725 | Vaults:1 | Noticed Asterion
 44730 | Vaults:1 | Gained mutation: You are very dopey. (Int -4) [you]
 44734 | Vaults:1 | Killed Asterion
 44811 | Vaults:1 | Noticed Nikola
 44815 | Vaults:1 | Killed Nikola
 44884 | Vaults:1 | Lost mutation: You sometimes lose the ability to drink
                  | potions when taking damage. [potion of mutation]
 44884 | Vaults:1 | Lost mutation: Your muscles are strong. (Str +4, Int/Dex
                  | -1) [potion of mutation]
 44884 | Vaults:1 | Lost mutation: You are very dopey. (Int -4) [potion of
                  | mutation]
 44884 | Vaults:1 | Gained mutation: [You are occasionally teleported next to
                  | monsters.] [potion of mutation]
 45057 | Vaults:1 | Reached skill level 15 in Dodging
 45057 | Vaults:1 | Reached skill level 17 in Shields
 45454 | Vaults:1 | Reached skill level 15 in Stealth
 46098 | Vaults:2 | Gained mutation: You sometimes lose the ability to drink
                  | potions when taking damage. [you]
 46214 | Vaults:2 | Identified the +0 robe of the Teacher {rElec Int-5 Dex+4}
 46265 | Vaults:2 | You fall into a shaft and drop 1 floor!
 46306 | Vaults:3 | Found a staircase to the Crypt.
 46517 | Vaults:3 | Gained mutation: You are weak. (Str -2) [you]
 46529 | Vaults:3 | Reached XP level 21. HP: 166/166 MP: 5/40
 46531 | Vaults:3 | Gained mutation: You are very weak. (Str -4) [you]
 46535 | Vaults:3 | Paralysed by a sphinx for 2 turns
 46675 | Abyss:2  | Cast into level 2 of the Abyss (a wizard)
 46692 | Abyss:2  | Found a corrupted altar of Lugonu.
 46714 | Abyss:3  | Found a corrupted altar of Lugonu.
 46744 | Abyss:3  | Found a corrupted altar of Lugonu.
 46860 | Abyss:5  | Found a corrupted altar of Lugonu.
 46951 | Abyss:6  | Noticed a profane servitor
 46959 | Abyss:6  | Paralysed by accursed screaming for 1 turns
 47076 | Abyss:6  | Reached skill level 18 in Shields
 47087 | Abyss:6  | Gained mutation: [You sometimes lose your temper in
                  | combat.] [a neqoxec]
 47087 | Abyss:6  | Lost mutation: [Potions are less effective at restoring
                  | your health.] [a neqoxec]
 47088 | Abyss:6  | Gained mutation: [You occasionally lose the ability to read
                  | scrolls when taking damage.] [a neqoxec]
 47132 | Abyss:6  | Paralysed by accursed screaming for 2 turns
 47145 | Abyss:6  | Killed from afar by a hellephant

Illustrated notes

Levels and vault maps discovered:
D:1:      evilmike_arrival_crescent, layout_basic,
          ebering_ecumenical_altar_ruins
D:2:      layout_basic
D:3:      layout_rooms, nicolae_gozag_zags_fifth_avenue,
          mainiacjoe_overflow_alcove_4, minmay_ruptured, uniq_robin
D:4:      layout_basic, mainiacjoe_overflow_paths, uniq_edmund
D:5:      layout_cave_pools, cheibriados_altar_1, minmay_temple_entry_junction_2
D:6:      minmay_octagon_keep, layout_cave_pools, serial_shops,
          nicolae_shop_temple_entry_statues_fountains
D:7:      layout_loops_ring, nemelex_spade_bored_becter
D:8:      layout_basic, amcnicky_mini_pool_small
D:9:      layout_loops_corners, lair_entry_dummy, minmay_increasing_density
D:10:     layout_loops_ring, enter_bailey_5, hangedman_abyss_or_decor_clamps,
          minmay_guarded_unrand_finisher
D:11:     layout_basic, david_orc_4
D:12:     layout_rooms, serial_shops, shop
D:13:     layout_basic, serial_corexii_hall, corexii_hall_statues_t,
          corexii_hall_statues_l, argonaut_gorgonesque
D:14:     layout_irregular_city, grunt_vaults_entry_tiered,
          kennysheep_cluttered_room, uniq_lodul
D:15:     gammafunk_enter_depths_forms, layout_basic, serial_park_avenue1,
          serial_park_tiny_pond, fountainhead
Temple:   minmay_temple_bridge_d
Lair:1:   layout_loops_ring
Lair:2:   layout_hall_layers, shoals_dummy_entry,
          hellmonk_spider_entry_not_the_bees, beast_lair_carwin_5,
          infiniplex_staircase_pool_2, uniq_harold
Lair:3:   layout_cellular_growth, st_stairs_12, uniq_urug, uniq_amaemon
Lair:4:   layout_small_grid, slime_entry_1, lemuel_fruit_tree,
          grunt_megastairs_3, serial_bayou_shore_b, uniq_snorg, uniq_kirke,
          uniq_rupert
Lair:5:   grunt_lair_end_beastmaster, layout_misc_corridors, minivault_11
Shoals:1: layout_shoals, ebering_ghost_rock_garden, uniq_jorgrun
Shoals:2: layout_shoals, uniq_ilsuiw
Shoals:3: layout_shoals, ebering_ghost_gozag, nicolae_specific_store,
          uniq_donald
Shoals:4: shoals_end_hangedman, layout_shoals, hangedman_shoals_cup_caves
Spider:1: layout_spider_delve, hive_lemuel
Spider:2: layout_spider_delve
Spider:3: layout_spider_delve
Spider:4: grunt_spider_rune_circles
Orc:1:    layout_diamond_mine
Orc:2:    st_orc_congregation, layout_caves, gauntlet_entry_generic,
          basic_altar, uniq_sonja, uniq_josephine, uniq_erolcha
Elf:1:    nicolae_elf_arrival_aired_out, layout_loops_corners, serial_shops,
          shop, minmay_elf_annihilation, uniq_azrael, uniq_agnes
Elf:2:    elven_hall_of_blades_hangedman_original
          [nicolae_blade_entry_pointy_end], layout_loops_corners, serial_shops,
          nicolae_shop_hallway_stairs, gammafunk_ghost_tricky_traps
Elf:3:    minmay_elf_hall, layout_geoelf_castle, minmay_shop_enchanted_jewellery
Vaults:1: ontoclasm_vaults_misaligned, nicolae_vaults_theta, st_cells,
          vaults_room_large_hall, vaults_mumra_minichess_inversion,
          nicolae_vaults_little_squares_5, nicolae_vaults_diagonal_hallway_6,
          vaults_mumra_hex, ontoclasm_vaults_claustrophobia,
          vaults_room_hallway, nicolae_vaults_asterisk, layout_vaults_big_room,
          uniq_nikola, uniq_asterion
Vaults:2: hangedman_vaults_locks, vaults_dpeg_cross,
          hangedman_vaults_stretched_pinwheel, ontoclasm_vaults_shuriken,
          nicolae_vaults_statue_guard, vaults_dpeg_ring, v_misc_24,
          nicolae_vaults_little_ls, nicolae_vaults_theta, vaults_room_hallway,
          ontoclasm_vaults_chip, layout_vaults_quadrants
Vaults:3: st_smaller_cells, nicolae_vaults_network_star,
          nicolae_vaults_little_squares_6, minmay_crypt_entry_simple_walls,
          ontoclasm_vaults_bender, vaults_room_pools, v_misc_31, v_misc_11,
          v_pattern_1, vaults_room_grid, vaults_mumra_minichess,
          vaults_room_stairs_pillars, layout_vaults_maze, serial_shops,
          nicolae_diamond_shop
Abyss:6:  base: Depths:1, evilmike_abyss_exit_vortex,
          due_evilmike_abyss_rune_seething_liches, evilmike_abyss_exit_glass,
          minivault_11, spicy_abyss_helpful_harpoons,
          nicolae_abyss_rune_left_handed, evilmike_abyss_exit_glass,
          hangedman_abyss_rune_macabre_mess, evilmike_abyss_exit_plants,
          guppyfry_abyss_exit_imp_island, nicolae_abyss_rune_star_stuff

Skill      XL: |  1  2  3  4  5  6  7  8  9 10 11 12 13 14 15 16 17 18 19 20 21 |
---------------+----------------------------------------------------------------+-----
Spellcasting   | 5 6 7 8 9 10 11 12 13 14 15 | 15.7
Invocations    | 1 2 3 4 5 6 7 8 10 11 12 13 14 15 16 | 16.2
Fighting       | 1 2 3 5 6 7 8 9 10 11 12 13 14 | 14.9
Short Blades   | 1 2 3 5 6 7 8 9 10 11 12 13 14 | 14.9
Long Blades    | 1 2 3 5 6 7 8 9 10 11 12 13 14 | 14.9
Axes           | 1 2 3 5 6 7 8 9 10 11 12 13 14 | 14.9
Maces & Flails | 1 2 3 5 6 7 8 9 10 11 12 13 14 | 14.9
Polearms       | 1 2 3 5 6 7 8 9 10 11 12 13 14 | 14.9
Staves         | 1 2 3 5 6 7 8 9 10 11 12 13 14 | 14.9
Ranged Weapons | 1 2 3 5 6 7 8 9 10 11 12 13 14 | 14.9
Throwing       | 1 2 3 5 6 7 8 9 10 11 12 13 14 | 14.9
Armour         | 1 2 3 5 6 7 8 9 10 11 12 13 14 | 14.9
Shields        | 1 2 3 5 6 7 8 9 10 11 12 13 15 16 17 18 | 18.0
Unarmed Combat | 1 2 3 5 6 7 8 9 10 11 12 13 14 | 14.9
Evocations     | 1 2 3 5 6 7 8 9 10 11 12 13 14 | 14.9
Conjurations   | 1 2 3 4 5 6 7 8 9 10 11 12 | 12.7
Hexes          | 1 2 3 4 5 6 7 8 9 10 11 12 | 12.7
Summonings     | 1 2 3 4 5 6 7 8 9 10 11 12 | 12.7
Necromancy     | 1 2 3 4 5 6 7 8 9 10 11 12 | 12.7
Translocations | 1 2 3 4 5 6 7 8 9 10 11 12 | 12.7
Transmutations | 1 2 3 4 5 6 7 8 9 10 11 12 | 12.7
Fire Magic     | 1 2 3 4 5 6 7 8 9 10 11 12 | 12.7
Air Magic      | 1 2 3 4 5 6 7 8 9 10 11 12 | 12.7
Earth Magic    | 1 2 3 4 5 6 7 8 9 10 11 12 | 12.7
Poison Magic   | 1 2 3 4 5 6 7 8 9 10 11 12 | 12.7
Dodging        | 5 6 7 8 9 10 11 12 13 14 15 | 15.6
Stealth        | 5 6 7 8 9 10 11 12 13 14 15 | 15.5
Ice Magic      | 8 9 10 11 12 13 14 | 14.4

Action                   |  1- 3 |  4- 6 |  7- 9 | 10-12 | 13-15 | 16-18 | 19-21 || total
-------------------------+-------+-------+-------+-------+-------+-------+-------++-------
Melee: Halberd           |    12 |    19 |       |       |       |       |       ||    31
       Rapier            |       |    40 |   147 |   202 |   381 |   548 |     4 ||  1322
       Bite              |       |     5 |    15 |    42 |    69 |   116 |    63 ||   310
       Punch             |       |     1 |     1 |       |       |       |       ||     2
       Dagger            |       |       |       |       |    11 |       |       ||    11
       Staff             |       |       |       |       |     4 |    43 |    41 ||    88
       Unarmed           |       |       |       |       |     4 |    37 |   340 ||   381
       Headbutt          |       |       |       |       |    45 |   208 |   115 ||   368
Throw: Boomerang         |       |       |       |     3 |     4 |       |       ||     7
       Dart              |       |       |       |       |     1 |       |       ||     1
 Cast: Freeze            |    12 |     7 |     3 |    26 |    13 |       |       ||    61
       Frozen Ramparts   |     3 |    11 |    22 |    38 |    32 |    49 |    22 ||   177
       Ozocubu's Armour  |     1 |     4 |    18 |    18 |    21 |    14 |       ||    76
       Summon Ice Beast  |       |       |    17 |    30 |    36 |    50 |    10 ||   143
       Gell's Gravitas   |       |       |    13 |    39 |    73 |    12 |       ||   137
       Lesser Beckoning  |       |       |     6 |     2 |       |       |       ||     8
       Call Canine Famil |       |       |     2 |    25 |    31 |    47 |    10 ||   115
       Teleport Other    |       |       |     2 |     7 |     4 |       |       ||    13
       Passage of Golubr |       |       |       |    17 |     6 |     7 |     7 ||    37
       Airstrike         |       |       |       |    41 |   245 |   103 |    41 ||   430
       Yara's Violent Un |       |       |       |       |    17 |    33 |    20 ||    70
       Simulacrum        |       |       |       |       |     2 |   168 |   149 ||   319
       Tukima's Dance    |       |       |       |       |       |    26 |    30 ||    56
       Statue Form       |       |       |       |       |       |    28 |    61 ||    89
       Death Channel     |       |       |       |       |       |    18 |    50 ||    68
Invok: Bend Time         |       |       |       |     1 |       |       |     1 ||     2
       Step From Time    |       |       |       |       |       |     2 |     3 ||     5
       Slouch            |       |       |       |       |       |       |     1 ||     1
 Abil: Evoke Blink       |       |       |     2 |     1 |     3 |     8 |     2 ||    16
       End Transformatio |       |       |       |       |       |     4 |     8 ||    12
Evoke: Wand              |       |       |       |     4 |     5 |     2 |     4 ||    15
       Box of beasts     |       |       |       |       |     1 |     1 |     1 ||     3
       Condenser vane    |       |       |       |       |       |     1 |     5 ||     6
       Phantom mirror    |       |       |       |       |       |       |     3 ||     3
       Tin of tremorston |       |       |       |       |       |       |     3 ||     3
  Use: Scroll            |       |       |    13 |    11 |    13 |    15 |     9 ||    61
       Potion            |       |       |       |     1 |     4 |     8 |    11 ||    24
 Stab: Sleeping          |     2 |     4 |     2 |     2 |     2 |     4 |     2 ||    18
       Distracted        |       |     1 |       |       |     2 |     7 |    13 ||    23
       Invisible         |       |       |       |       |     2 |       |       ||     2
       Petrified         |       |       |       |       |     1 |     2 |       ||     3
Armor: Robe              |     3 |     9 |    31 |    34 |    35 |       |       ||   112
       Troll leather arm |       |       |       |       |   128 |   207 |    11 ||   346
       Skin              |       |       |       |       |       |    84 |   374 ||   458
Dodge: Dodged            |    13 |    59 |   156 |   210 |   559 |  1061 |   997 ||  3055
       Repelled          |       |     1 |       |     2 |     6 |    18 |    19 ||    46
Block: Kite shield       |       |       |    16 |   216 |   625 |  1145 |  1108 ||  3110

Table legend: (Time is in decaauts)
 A = Elapsed time spent in this place.
 B = Non-inter-level travel time spent in this place.
 C = Inter-level travel time spent in this place.
 D = Time resting spent in this place.
 E = Time spent auto-exploring this place.
 F = Levels seen in this place.
 G = Mean time per level.
                   A        B        C        D        E       F      G
               +--------+--------+--------+--------+--------+-----+--------+
         Total |  75453 |  61485 |  13968 |    567 |  47663 |  44 | 1714.8 |
       Dungeon |  26318 |  20966 |   5352 |      3 |  17456 |  15 | 1754.5 |
        Temple |    308 |    297 |     11 |      0 |    283 |   1 |  308.0 |
          Lair |  13566 |  10234 |   3332 |      0 |   8575 |   5 | 2713.2 |
        Shoals |   8687 |   7429 |   1258 |     55 |   5466 |   4 | 2171.8 |
   Spider Nest |   6357 |   5648 |    709 |    201 |   3468 |   4 | 1589.2 |
  Orcish Mines |   4999 |   2908 |   2091 |      0 |   2287 |   2 | 2499.5 |
   Elven Halls |   8502 |   7319 |   1183 |     39 |   5629 |   3 | 2834.0 |
        Vaults |   3856 |   3829 |     27 |    150 |   2909 |   3 | 1285.3 |
         Abyss |    861 |    861 |      0 |      3 |    146 |   5 |  172.2 |
        Bailey |    990 |    990 |      0 |      0 |    837 |   1 |  990.0 |
      Gauntlet |   1006 |   1006 |      0 |    115 |    603 |   1 | 1006.0 |
               +--------+--------+--------+--------+--------+-----+--------+

Top non-repeatable levels by time:
   Orc:2: 4094 daAuts
    D:10: 4049 daAuts
    D:11: 3657 daAuts
   Elf:2: 3514 daAuts
  Lair:3: 3308 daAuts
  Lair:1: 3153 daAuts
  Lair:2: 2795 daAuts
   Elf:1: 2765 daAuts
Shoals:4: 2676 daAuts
Vaults:1: 2415 daAuts
    D:14: 2349 daAuts
Shoals:1: 2344 daAuts
  Lair:4: 2276 daAuts
    D:13: 2238 daAuts
   Elf:3: 2222 daAuts
